 Dungeon Crawl Stone Soup version 0.31-a0-202-g547052bce9 (webtiles) character file.

Game seed: 11883978122270946141

447 qw the Skirmisher (level 6, -2/36 HPs)
             Began as a Deep Elf Hunter on June 26, 2023.
             Slain by Pikel
             ... wielding a +1 whip of freezing
              (9 damage)
             ... on level 4 of the Dungeon.
             The game lasted 00:01:08 (2400 turns).

qw the Skirmisher (Deep Elf Hunter)                 Turns: 2400, Time: 00:01:09

Health: -2/36      AC:  7    Str: 10    XL:     6   Next: 73%
Magic:  8/8        EV: 11    Int: 14    God:
Gold:   204        SH:  0    Dex: 18    Spells: 5/5 levels left

rFire   + . .        Y - +0 shortbow
rCold   . . .        (shield currently unavailable)
rNeg    . . .        i - +0 ring mail {rF+}
rPois   .            c - +0 helmet
rElec   .            (no cloak)
rCorr   .            (no gloves)
SInv    .            f - +0 pair of boots
Will    .....        (no amulet)
Stlth   +            (no ring)
HPRegen 0.26/turn    (no ring)
MPRegen 0.11/turn

%: no passive effects
@: no status effects
A: no striking features
a: no special abilities


You were on level 4 of the Dungeon.
You visited 1 branch of the dungeon, and saw 4 of its levels.

You collected 232 gold pieces.
You spent 28 gold pieces at shops.


   Skills:
 - Level 2.6 Fighting
 - Level 10.1 Ranged Weapons
 + Level 0.1 Armour
 - Level 2.4 Dodging
 - Level 1.2 Stealth


You had 5 spell levels left.
You didn't know any spells.
Your spell library was empty.

Inventory:

Hand Weapons
 Y - a +0 shortbow (weapon)
Armour
 c - a +0 helmet (worn)
 f - a +0 pair of boots (worn)
 i - a +0 ring mail of fire resistance (worn)
Jewellery
 b - a ring of fire
Scrolls
 d - a scroll of identify
Potions
 a - a potion of ambrosia {unknown}
 e - a potion of resistance {unknown}
 g - a potion of enlightenment
 j - 2 potions of invisibility {unknown}
 l - a potion of cancellation

Dungeon Overview and Level Annotations

Branches:
Dungeon (4/15)
 Temple: D:4-7

Altars:

Shops:
D:1 *

Annotations:
D:3 exclusion: gnoll
D:4 Pikel


Message History

The lemure is severely wounded.
The lemure completely misses you.
Pikel hits you with a +1 whip of freezing!
Pikel freezes you. The lemure barely misses you.
You shoot an arrow. The arrow hits the lemure.
The lemure is almost dead.
The lemure hits you!
Pikel hits you with a +1 whip of freezing.
Pikel freezes you. The lemure hits you but does no damage.
2394 ||| DRINKING 2 potions of heal wounds.
You feel much better. Pikel barely misses you. The lemure hits you. x2
You shoot an arrow. The arrow hits the lemure!
You kill the lemure!
That felt strangely unrewarding.
Pikel hits you with a +1 whip of freezing.
Pikel freezes you. The lemure closely misses you.
You shoot an arrow.
The arrow hits Pikel but does no damage.
Pikel is moderately wounded.
Pikel closely misses you. The lemure hits you.
2397 ||| DRINKING potion of heal wounds.
You feel much better. The lemure closely misses you.
Pikel hits you with a +1 whip of freezing.
Pikel freezes you. The lemure hits you.
You shoot an arrow. The arrow hits Pikel.
Pikel is moderately wounded.
The lemure closely misses you.
Pikel hits you with a +1 whip of freezing.
Pikel freezes you. The lemure hits you.
You shoot an arrow.
The arrow hits Pikel but does no damage.
Pikel is moderately wounded.
Pikel hits you with a +1 whip of freezing.
Pikel freezes you. The lemure hits you but does no damage. The lemure hits you.
You shoot an arrow. The arrow closely misses Pikel.
The lemure hits you.
Pikel hits you with a +1 whip of freezing!
You die...

###......### ##...#
#..........#####..#
#..................
#.%............|...
#...<..............
##.................
###...............
##.########......#
#@5# #........
#...K5## #........
.......## #........
....... .......
......# .... ...###
... ..


You could see Pikel and 2 lemures.

Vanquished Creatures
  Sigmund (D:4)
  A black bear (D:4)
  2 lemures (D:4)
  An orc wizard (D:3)
  4 gnolls (D:3)
  5 adders
  A worm (D:2)
  3 dart slugs
  9 orcs (D:3)
  6 endoplasms
  5 giant cockroaches
  4 goblins
  6 hobgoblins
  7 kobolds
  A quokka (D:1)
  3 ball pythons
  5 bats
  5 frilled lizards
  4 rats
73 creatures vanquished.

Notes
Turn   | Place    | Note
-------+----------+-------------------------------------------
     0 | D:1      | qw the Deep Elf Hunter began the quest for the Orb.
     0 | D:1      | Reached XP level 1. HP: 12/12 MP: 3/3
     0 | D:1      | 0 ||| qw: Version: 0.3-a-22-g0ed2b0b
     0 | D:1      | 0 ||| qw: Game counter: 6293
     0 | D:1      | 0 ||| qw: Melee chars always use a shield: true
     0 | D:1      | 0 ||| qw: God list: Okawaru
     0 | D:1      | 0 ||| qw: Allow faded altars: false
     0 | D:1      | 0 ||| qw: Do Orc after clearing Dungeon:15 true
     0 | D:1      | 0 ||| qw: Do second Lair branch before Depths: true
     0 | D:1      | 0 ||| qw: Lair rune preference: random
     0 | D:1      | 0 ||| qw: Goals: Normal
     0 | D:1      | 0 ||| PLANNING D:1-11
    91 | D:1      | Reached XP level 2. HP: 16/16 MP: 4/4
    98 | D:1      | Reached skill level 6 in Ranged Weapons
   281 | D:1      | Found Afetaex's General Store.
   333 | D:1      | 333 ||| SHOPLISTING potion of heal wounds (70 gold, have
                  | 53).
   333 | D:1      | 333 ||| BUYING scroll of identify (28 gold).
   333 | D:1      | Bought a scroll of identify for 28 gold pieces
   333 | D:1      | 333 ||| SHOPLISTING scroll of identify (28 gold, have 25).
   339 | D:1      | Reached XP level 3. HP: 20/20 MP: 5/5
   506 | D:1      | 506 ||| UPGRADING to +0 scale mail.
   516 | D:1      | 516 ||| DROPPING +0 leather armour.
   517 | D:1      | 517 ||| UPGRADING to +0 pair of boots.
   522 | D:1      | 522 ||| UPGRADING to +0 ring mail.
   532 | D:1      | 532 ||| DROPPING +0 scale mail.
   533 | D:1      | 533 ||| UPGRADING to +0 ring mail of fire resistance.
   543 | D:1      | 543 ||| DROPPING +0 ring mail.
   544 | D:1      | 544 ||| READING 3 scrolls of identify.
   544 | D:1      | 544 ||| IDENTIFYING bubbling cyan potion
   545 | D:1      | 545 ||| DROPPING scroll of butterflies.
   546 | D:1      | 546 ||| DROPPING potion of attraction.
   686 | D:2      | Reached skill level 7 in Ranged Weapons
   729 | D:2      | HP: 5/20 [poisoned by an adder]
   730 | D:2      | Reached XP level 4. HP: 7/25 MP: 6/6
   950 | D:2      | Found a faded altar of an unknown god.
  1083 | D:2      | 1083 ||| READING scroll labelled LUALEALOAW.
  1084 | D:2      | 1084 ||| READING scroll labelled GUXZIO DUTY.
  1085 | D:2      | 1085 ||| READING scroll labelled BARPHAL IMYEGUROUZ.
  1186 | D:2      | 1186 ||| READING scroll labelled OSASUV COANT.
  1187 | D:2      | 1187 ||| DRINKING 2 black potions.
  1188 | D:2      | 1188 ||| READING 4 scrolls of identify.
  1188 | D:2      | 1188 ||| IDENTIFYING yellow potion
  1189 | D:2      | 1189 ||| READING 3 scrolls of identify.
  1189 | D:2      | 1189 ||| IDENTIFYING white potion
  1190 | D:2      | 1190 ||| READING 2 scrolls of identify.
  1190 | D:2      | 1190 ||| IDENTIFYING inky potion
  1191 | D:2      | 1191 ||| DROPPING potion of berserk rage.
  1448 | D:3      | Reached skill level 8 in Ranged Weapons
  1602 | D:3      | 1602 ||| READING scroll labelled BUDOT MU TAUT.
  1602 | D:3      | HP: 2/25 [gnoll/+0 halberd (7)]
  1603 | D:3      | 1603 ||| DRINKING 2 potions of heal wounds.
  1607 | D:3      | 1607 ||| FLEEEEING.
  1608 | D:3      | 1608 ||| FLEEEEING.
  1611 | D:3      | Reached XP level 5. HP: 18/29 MP: 7/7
  1611 | D:3      | 1611 ||| FLEEEEING.
  1612 | D:3      | 1612 ||| FLEEEEING.
  1636 | D:3      | 1636 ||| FLEEEEING.
  1637 | D:3      | 1637 ||| FLEEEEING.
  1638 | D:3      | 1638 ||| FLEEEEING.
  1639 | D:3      | 1639 ||| FLEEEEING.
  1640 | D:3      | 1640 ||| STAIRDANCE
  1654 | D:2      | 1654 ||| READING scroll labelled TEIJUR CUECY.
  1655 | D:2      | 1655 ||| READING scroll labelled WEHOTI PULU.
  1997 | D:3      | 1997 ||| UPGRADING to +0 helmet.
  2126 | D:4      | Noticed Sigmund
  2139 | D:4      | Killed Sigmund
  2140 | D:4      | Reached skill level 10 in Ranged Weapons
  2140 | D:4      | Reached XP level 6. HP: 20/34 MP: 8/8
  2383 | D:4      | Noticed Pikel
  2393 | D:4      | HP: 6/36 [Pikel/+1 whip of freezing (5)]
  2394 | D:4      | 2394 ||| DRINKING 2 potions of heal wounds.
  2397 | D:4      | 2397 ||| DRINKING potion of heal wounds.
  2399 | D:4      | HP: 9/36 [lemure[Pikel] (5)]
  2400 | D:4      | Slain by Pikel

Levels and vault maps discovered:
D:1:      minmay_arrival_nine_rooms, layout_rooms, serial_shops, shop,
          palyth_stone_intersect, solitary_fountain, minmay_tromino_mix6
D:2:      layout_basic, hellmonk_ecumenical_altar_lost_god
D:3:      layout_basic, serial_bayou_lake_a
D:4:      layout_cave_pods, nicolae_tso_carved_into_rock, uniq_pikel,
          uniq_sigmund

Skill      XL: |  1  2  3  4  5  6 |
---------------+-------------------+-----
Ranged Weapons | 6 7 8 10 | 10.1
Fighting       | 2 |  2.6
Armour         | |  0.1
Dodging        | |  2.4
Stealth        | |  1.2

Action                     |  1- 3 |  4- 6 || total
---------------------------+-------+-------++-------
   Fire: Shortbow          |    97 |   154 ||   251
    Use: Scroll            |     1 |    10 ||    11
         Potion            |       |     4 ||     4
 Armour: Leather armour    |     3 |       ||     3
         Ring mail         |    18 |    13 ||    31
  Dodge: Dodged            |    38 |    30 ||    68

Table legend:
 A = Non-vault XP
 B = Vault XP
 C = Vault XP percentage of total XP
 D = Non-vault monster count
 E = Vault monster count
 F = Vault count percentage of total count
                 A         B        C        D         E       F
            +---------+---------+-------+---------+---------+-------
      Total |     406 |     233 |  36.5 |      67 |       4 |   5.6
            +---------+---------+-------+---------+---------+-------
        D:1 |      36 |       7 |  16.3 |      21 |       3 |  12.5
        D:2 |      58 |       0 |   0.0 |      13 |       0 |   0.0
        D:3 |     172 |       0 |   0.0 |      29 |       0 |   0.0
        D:4 |     140 |     226 |  61.7 |       4 |       1 |  20.0
            +---------+---------+-------+---------+---------+-------
